[ AOE2 MATCH · #495964168 ]
UnrankedKhitans vs Magyars
Player's team · LOSS
Rival team · WIN
[ REPLAY ANALYSIS · EXTRACTED FROM THE RECORDED GAME ]
Feudal
9:22
Castle
24:45
Imperial
—
| APM avg | 78.0 |
| APM peak | 124 |
| eAPM avg | 29.6 |
| Villagers / military | 43 / 32 |
Focus
⚔️ 16.4% · 🌾 83.6%
Scout Cavalry ×26 · Spearman ×6
Feudal
8:51
Castle
24:38
Imperial
—
| APM avg | 58.5 |
| APM peak | 95 |
| eAPM avg | 22.7 |
| Villagers / military | 57 / 45 |
Focus
⚔️ 25.4% · 🌾 74.6%
Scout Cavalry ×22 · Cavalry Archer ×13 · Archer ×7 · Spearman ×3
Match map
Initial resources + every placement click. Lines = walls · curves = elevation contours. ◆ gold · ⬟ stone · ● berries · ✦ relic · ◌ wall gap
Your base· Open — 2t gap
Atula King's base· Open — 9t gap
Smoothed initial terrain · ◌ = detected wall gap · hover for details
Inputs per minute
— Mongolsbiene - - Atula King
Build order — Mongolsbiene
145 actions detected in the replay
| 0:00 | Queue | Villager (Male) |
| 0:01 | Queue | Villager (Male) |
| 0:01 | Queue | Villager (Male) |
| 0:02 | Build | House |
| 0:04 | Build | House |
| 0:07 | Queue | Villager (Male) |
| 0:07 | Queue | Villager (Male) |
| 1:42 | Queue | Villager (Male) |
| 2:01 | Queue | Villager (Male) |
| 2:24 | Build | Lumber Camp |
| 2:33 | Queue | Villager (Male) |
| 2:52 | Queue | Villager (Male) |
| 3:26 | Queue | Villager (Male) |
| 4:00 | Build | House |
| 4:02 | Queue | Villager (Male) |
| 4:03 | Queue | Villager (Male) |
| 4:28 | Queue | Villager (Male) |
| 4:51 | Queue | Villager (Male) |
| 4:58 | Build | Mill |
| 5:00 | Queue | Villager (Male) |
| 6:05 | Queue | Villager (Male) |
| 6:07 | Research | Loom |
| 7:12 | Research | Feudal Age |
| 7:12 | Research | Feudal Age |
| 7:56 | Build | House |
| 8:13 | Build | Barracks |
| 8:23 | Build | Barracks |
| 8:27 | Build | Palisade Wall |
| 8:32 | Build | House |
| 8:33 | Build | House |
| 9:22 | Age | Feudal Age |
| 9:24 | Build | Stable |
| 9:36 | Queue | Villager (Male) |
| 9:48 | Queue | Spearman |
| 9:56 | Build | House |
| 9:58 | Queue | Villager (Male) |
| 10:20 | Queue | Spearman |
| 10:35 | Queue | Villager (Male) |
| 10:40 | Research | Double-Bit Axe |
| 10:42 | Queue | Scout Cavalry |
| 10:51 | Build | House |
| 11:01 | Queue | Scout Cavalry |
| 11:04 | Queue | Spearman |
| 11:05 | Queue | Villager (Male) |
| 11:28 | Queue | Villager (Male) |
| 11:50 | Build | Mill |
| 11:58 | Queue | Villager (Male) |
| 12:08 | Queue | Spearman |
| 12:21 | Queue | Villager (Male) |
| 12:28 | Queue | Spearman |
| 12:58 | Queue | Villager (Male) |
| 13:03 | Build | Pasture |
| 13:13 | Build | House |
| 13:14 | Build | House |
| 13:34 | Queue | Villager (Male) |
| 13:58 | Build | Pasture |
| 13:59 | Queue | Villager (Male) |
| 14:10 | Queue | Scout Cavalry |
| 14:19 | Build | House |
| 14:22 | Queue | Villager (Male) |
| 14:42 | Queue | Scout Cavalry |
| 14:49 | Build | Palisade Wall |
| 14:50 | Build | Blacksmith |
| 14:53 | Queue | Villager (Male) |
| 14:59 | Build | Pasture |
| 15:05 | Queue | Villager (Male) |
| 15:38 | Queue | Villager (Male) |
| 15:42 | Build | Lumber Camp |
| 15:51 | Queue | Spearman |
| 15:57 | Build | House |
| 15:59 | Build | House |
| 16:05 | Build | House |
| 16:07 | Build | House |
| 16:11 | Build | Palisade Wall |
| 16:12 | Build | Palisade Wall |
| 16:13 | Queue | Villager (Male) |
| 16:26 | Build | Pasture |
| 16:29 | Queue | Villager (Male) |
| 16:33 | Queue | Scout Cavalry |
| 16:59 | Queue | Villager (Male) |
| 17:10 | Queue | Scout Cavalry |
| 17:11 | Queue | Villager (Male) |
| 17:20 | Build | Pasture |
| 17:24 | Build | Pasture |
| 17:28 | Build | Pasture |
| 17:29 | Research | Tech 1014 |
| 17:39 | Queue | Villager (Male) |
| 17:52 | Research | Forging |
| 17:53 | Queue | Villager (Male) |
| 18:43 | Build | Mining Camp |
| 18:45 | Queue | Villager (Male) |
| 18:50 | Queue | Scout Cavalry |
| 19:01 | Build | Palisade Wall |
| 19:15 | Build | House |
| 19:20 | Build | Palisade Wall |
| 19:21 | Build | Palisade Wall |
| 19:23 | Queue | Villager (Male) |
| 19:52 | Queue | Villager (Male) |
| 19:57 | Queue | Scout Cavalry |
| 20:11 | Build | Market |
| 20:16 | Queue | Scout Cavalry |
| 20:18 | Queue | Villager (Male) |
| 20:27 | Build | Stable |
| 20:39 | Queue | Villager (Male) |
| 21:10 | Queue | Villager (Male) |
| 21:34 | Build | Palisade Wall |
| 21:40 | Queue | Villager (Male) |
| 21:46 | Build | House |
| 21:50 | Build | House |
| 22:02 | Research | Castle Age |
| 22:02 | Research | Castle Age |
| 22:12 | Build | House |
| 22:14 | Build | House |
| 22:21 | Build | Pasture |
| 22:25 | Build | Pasture |
| 22:29 | Build | Pasture |
| 22:35 | Queue | Scout Cavalry |
| 22:35 | Queue | Scout Cavalry |
| 22:49 | Queue | Scout Cavalry |
| 22:58 | Build | House |
| 23:01 | Build | House |
| 23:03 | Build | House |
| 23:06 | Build | Palisade Wall |
| 23:14 | Build | Palisade Wall |
| 23:26 | Queue | Scout Cavalry |
| 23:26 | Queue | Scout Cavalry |
| 23:32 | Build | Palisade Wall |
| 23:34 | Build | Palisade Wall |
| 23:37 | Build | Palisade Wall |
| 23:40 | Queue | Scout Cavalry |
| 23:40 | Queue | Scout Cavalry |
| 23:40 | Queue | Scout Cavalry |
| 24:07 | Queue | Scout Cavalry |
| 24:07 | Queue | Scout Cavalry |
| 24:27 | Queue | Scout Cavalry |
| 24:45 | Queue | Scout Cavalry |
| 24:45 | Age | Castle Age |
| 24:53 | Research | Iron Casting |
| 25:02 | Research | Light Cavalry (upgrade) |
| 25:02 | Research | Light Cavalry (upgrade) |
| 25:11 | Queue | Scout Cavalry |
| 25:34 | Queue | Scout Cavalry |
| 25:46 | Queue | Scout Cavalry |
| 26:00 | Queue | Scout Cavalry |
| 26:00 | Queue | Scout Cavalry |
Build order — Atula King
First 150 of 173 actions detected
| 0:01 | Queue | Villager (Male) |
| 0:02 | Build | House |
| 0:04 | Build | House |
| 0:14 | Queue | Villager (Male) |
| 0:14 | Queue | Villager (Male) |
| 0:14 | Queue | Villager (Male) |
| 0:15 | Queue | Villager (Male) |
| 1:25 | Queue | Villager (Male) |
| 1:49 | Queue | Villager (Male) |
| 1:49 | Queue | Villager (Male) |
| 2:23 | Queue | Villager (Male) |
| 2:23 | Queue | Villager (Male) |
| 2:29 | Build | Lumber Camp |
| 2:44 | Queue | Villager (Male) |
| 3:11 | Queue | Villager (Male) |
| 3:26 | Build | House |
| 3:36 | Queue | Villager (Male) |
| 3:58 | Queue | Villager (Male) |
| 3:58 | Queue | Villager (Male) |
| 4:36 | Queue | Villager (Male) |
| 4:41 | Build | Mill |
| 4:44 | Queue | Villager (Male) |
| 4:45 | Queue | Villager (Male) |
| 4:45 | Queue | Villager (Male) |
| 5:12 | Queue | Villager (Male) |
| 6:12 | Research | Loom |
| 6:38 | Research | Feudal Age |
| 7:17 | Build | Barracks |
| 8:06 | Build | House |
| 8:11 | Queue | Villager (Male) |
| 8:51 | Age | Feudal Age |
| 8:54 | Build | Stable |
| 8:56 | Research | Double-Bit Axe |
| 8:57 | Queue | Villager (Male) |
| 9:09 | Queue | Villager (Male) |
| 9:15 | Build | House |
| 9:46 | Queue | Villager (Male) |
| 9:48 | Queue | Scout Cavalry |
| 9:53 | Build | Mill |
| 10:02 | Queue | Villager (Male) |
| 10:06 | Build | Stable |
| 10:17 | Queue | Scout Cavalry |
| 10:29 | Build | Palisade Gate |
| 10:38 | Queue | Villager (Male) |
| 10:48 | Queue | Spearman |
| 11:03 | Build | House |
| 11:13 | Queue | Villager (Male) |
| 11:15 | Build | Farm |
| 11:19 | Build | House |
| 11:33 | Build | Farm |
| 11:33 | Build | Farm |
| 11:34 | Queue | Villager (Male) |
| 11:38 | Queue | Scout Cavalry |
| 11:45 | Queue | Villager (Male) |
| 11:50 | Build | Farm |
| 11:58 | Build | House |
| 12:03 | Queue | Scout Cavalry |
| 12:04 | Queue | Villager (Male) |
| 12:09 | Build | Farm |
| 12:10 | Build | Farm |
| 12:27 | Queue | Spearman |
| 12:40 | Queue | Scout Cavalry |
| 12:40 | Queue | Scout Cavalry |
| 12:46 | Queue | Villager (Male) |
| 13:09 | Build | Palisade Gate |
| 13:38 | Queue | Villager (Male) |
| 13:42 | Build | Palisade Gate |
| 14:00 | Queue | Villager (Male) |
| 14:02 | Build | Farm |
| 14:10 | Queue | Scout Cavalry |
| 14:10 | Queue | Scout Cavalry |
| 14:14 | Queue | Villager (Male) |
| 14:20 | Build | Farm |
| 14:21 | Build | Farm |
| 14:26 | Queue | Scout Cavalry |
| 14:42 | Build | Mining Camp |
| 14:46 | Build | Blacksmith |
| 14:47 | Queue | Villager (Male) |
| 14:51 | Build | Farm |
| 14:52 | Build | Farm |
| 14:58 | Queue | Villager (Male) |
| 15:01 | Build | Farm |
| 15:14 | Build | House |
| 15:15 | Build | House |
| 15:37 | Queue | Villager (Male) |
| 15:57 | Queue | Villager (Male) |
| 16:11 | Build | Archery Range |
| 16:18 | Queue | Villager (Male) |
| 16:29 | Queue | Scout Cavalry |
| 16:29 | Queue | Scout Cavalry |
| 16:31 | Research | Bloodlines |
| 16:35 | Queue | Scout Cavalry |
| 16:38 | Queue | Villager (Male) |
| 16:40 | Build | Farm |
| 16:57 | Queue | Villager (Male) |
| 17:00 | Queue | Spearman |
| 17:01 | Queue | Scout Cavalry |
| 17:14 | Build | Farm |
| 17:15 | Queue | Archer |
| 17:17 | Build | House |
| 17:18 | Build | House |
| 17:19 | Queue | Villager (Male) |
| 17:26 | Queue | Scout Cavalry |
| 17:32 | Queue | Villager (Male) |
| 17:46 | Build | Lumber Camp |
| 18:01 | Queue | Villager (Male) |
| 18:31 | Queue | Villager (Male) |
| 18:37 | Build | Market |
| 18:39 | Queue | Scout Cavalry |
| 18:39 | Queue | Scout Cavalry |
| 18:45 | Queue | Villager (Male) |
| 18:46 | Research | Fletching |
| 18:46 | Research | Fletching |
| 18:47 | Queue | Archer |
| 19:05 | Queue | Villager (Male) |
| 19:22 | Queue | Villager (Male) |
| 19:36 | Queue | Archer |
| 19:54 | Queue | Villager (Male) |
| 20:05 | Queue | Scout Cavalry |
| 20:05 | Queue | Scout Cavalry |
| 20:07 | Queue | Villager (Male) |
| 20:14 | Build | Farm |
| 20:14 | Build | Farm |
| 20:18 | Build | Farm |
| 20:22 | Build | Farm |
| 20:29 | Queue | Villager (Male) |
| 20:31 | Build | Lumber Camp |
| 21:18 | Queue | Archer |
| 21:21 | Build | Farm |
| 21:21 | Build | Farm |
| 21:22 | Queue | Villager (Male) |
| 21:34 | Build | Farm |
| 21:41 | Queue | Archer |
| 21:57 | Research | Castle Age |
| 22:07 | Build | Farm |
| 22:16 | Build | Archery Range |
| 22:21 | Build | Archery Range |
| 22:28 | Queue | Archer |
| 22:33 | Queue | Scout Cavalry |
| 22:33 | Queue | Scout Cavalry |
| 22:36 | Research | Horse Collar |
| 22:36 | Research | Horse Collar |
| 22:57 | Queue | Archer |
| 23:02 | Queue | Scout Cavalry |
| 23:02 | Queue | Scout Cavalry |
| 23:06 | Queue | Villager (Male) |
| 23:59 | Build | House |
| 24:01 | Build | House |
| 24:02 | Build | House |
| 24:03 | Build | House |
Match timeline
| 7:17 | Atula King · first_building Barracks |
| 8:13 | Mongolsbiene · first_building Barracks |
| 8:27 | Mongolsbiene · wall_segment Palisade Wall x3 |
| 8:51 | Atula King · age_up feudal |
| 8:54 | Atula King · first_building Stable |
| 9:22 | Mongolsbiene · age_up feudal |
| 9:24 | Mongolsbiene · first_building Stable |
| 14:49 | Mongolsbiene · wall_segment Palisade Wall x1 |
| 16:11 | Mongolsbiene · wall_segment Palisade Wall x1 |
| 16:11 | Atula King · first_building Archery Range |
| 16:12 | Mongolsbiene · wall_segment Palisade Wall x1 |
| 19:01 | Mongolsbiene · wall_segment Palisade Wall x1 |
| 19:20 | Mongolsbiene · wall_segment Palisade Wall x1 |
| 19:21 | Mongolsbiene · wall_segment Palisade Wall x1 |
| 21:34 | Mongolsbiene · wall_segment Palisade Wall x1 |
| 21:45 | Atula King · first_market_buy 100 food |
| 21:51 | Atula King · first_market_sell 100 wood |
| 21:52 | Mongolsbiene · first_market_sell 100 stone |
| 21:55 | Mongolsbiene · first_market_buy 100 food |
| 23:06 | Mongolsbiene · wall_segment Palisade Wall x2 |
| 23:14 | Mongolsbiene · wall_segment Palisade Wall x1 |
| 23:32 | Mongolsbiene · wall_segment Palisade Wall x1 |
| 23:34 | Mongolsbiene · wall_segment Palisade Wall x1 |
| 23:37 | Mongolsbiene · wall_segment Palisade Wall x1 |
| 24:38 | Atula King · age_up castle |
| 24:45 | Mongolsbiene · age_up castle |
| 26:41 | Mongolsbiene · resign |
[ AI ANALYSIS · 1 CREDIT ]
What really happened in this match?
Wolo.gg analyzes every decision: build order, eco, micro, common mistakes by bracket. Personalized analysis on WhatsApp or Discord in 30 seconds.
Civ guide
Khitans
Perfil
Jugador #2687195